 Dungeon Crawl Stone Soup version 0.25-a0-521-gb5d5f98535 (webtiles) character file.

Game seed: 6388633987206217252, levelgen mode: deterministic

1291 DerDa the Magician (level 8, -5/52 HPs)
             Began as a Mummy Wizard on Feb 18, 2020.
             Hit by a boomerang thrown by an orc warrior (14 damage)
             ... on level 6 of the Dungeon.
             The game lasted 00:20:21 (8730 turns).

DerDa the Magician (Mummy Wizard)                   Turns: 8730, Time: 00:20:22

Health: -5/52      AC:  3    Str: 10    XL:     8   Next: 30%
Magic:  18/19      EV: 12    Int: 20    God:
Gold:   486        SH:  0    Dex: 12    Spells: 13/22 levels left

rFire    x . .     SeeInvis .   h - +0 spear (vorpal)
rCold    + . .     Gourm    .   (no shield)
rNeg     + + +     Faith    .   a - +0 robe
rPois    ∞         Spirit   .   b - +0 hat
rElec    .         Reflect  .   d - +0 cloak
rCorr    .         Harm     .   (no gloves)
MR       +....                  (no boots)
Stlth    ++........             (no amulet)
HPRegen  0.17/turn              s - +2 ring of dexterity
MPRegen  0.16/turn              (no ring)

@: marked
A: no food or potions, fire vulnerability, cold resistance 1, negative energy
resistance 3, torment resistance, unbreathing
a: no special abilities


You were on level 6 of the Dungeon.
You were not hungry.

You visited 1 branch of the dungeon, and saw 6 of its levels.
You also visited: Ossuary.

You collected 486 gold pieces.

Inventory:

Hand Weapons
 h - a +0 vorpal spear (weapon)
 l - a +0 hunting sling of freezing
 t - a +1 short sword of speed
Missiles
 f - 26 poisoned darts (quivered)
 g - 115 bolts
 i - 185 stones
 o - 21 sling bullets
Armour
 a - a +0 robe (worn)
 b - a +0 hat (worn)
 d - a +0 cloak (worn)
 u - the +2 scale mail "Puheam" {Str+6 Slay-2, unknown}
   (You found it on level 4 of the Dungeon)

   It affects your strength (+6).
   It affects your accuracy and damage with ranged weapons and melee attacks
   (-2).
   If you switch to wearing this armour, your AC will increase by 6 (3 -> 9).
Jewellery
 s - a +2 ring of dexterity (left hand)
Wands
 n - a wand of clouds (2)
Scrolls
 c - 3 scrolls of enchant armour
 e - a scroll of blinking
 j - 3 scrolls of enchant weapon
 k - 4 scrolls of teleportation
 m - a scroll of fog
 p - a scroll of amnesia
 q - 2 scrolls of remove curse
 r - 3 scrolls of fear {unknown}


   Skills:
 - Level 1.5 Dodging
 - Level 1.5 Stealth
 * Level 7.5 Spellcasting
 * Level 4.3 Conjurations
   Level 0.7 Summonings
 - Level 0.7 Translocations
 * Level 3.8 Air Magic
 * Level 3.7 Poison Magic


You had 13 spell levels left.
You knew the following spells:

 Your Spells              Type           Power        Failure   Level  Hunger
a - Magic Dart            Conj           ###.         1%          1    N/A
b - Mephitic Cloud        Conj/Pois/Air  ###.....     5%          3    N/A
c - Conjure Flame         Conj/Fire      ###.....     11%         3    N/A
q - Blink                 Tloc           N/A          10%         2    N/A

Your spell library contained the following spells:

 Spells                   Type           Power        Failure   Level  Hunger
 Call Imp                 Summ           ##......     10%         2    N/A
 Slow                     Hex            #.......     14%         2    N/A

Dungeon Overview and Level Annotations

Branches:
Dungeon (6/15)             Temple (0/1) D:6         Ossuary (visited)

Altars:
Dithmenos
Elyvilon
Fedhas
Hepliaklqana
Nemelex Xobeh
Ru
Xom
Yredelemnul
The Shining One


Innate Abilities, Weirdness & Mutations

You do not eat or drink.
Your flesh is vulnerable to fire.
You are immune to poison.
Your flesh is cold resistant. (rC+)
You are immune to negative energy. (rN+++)
You are immune to unholy pain and torment.
You can survive without breathing.


Message History

An orc comes into view.
It is wielding a +2 hand axe of electrocution.
The orc warrior hits you with a +0 mace.
The adder zombie bites you.
The orc warrior hits you but does no damage.
The orc warrior throws a boomerang.
The boomerang hits you!!
The weapon returns to the orc warrior!
A wight comes into view.
It is wielding a +1 scimitar. 3 wights come into view.
The orc warrior throws a boomerang.
The boomerang barely misses you.
The weapon returns to the orc warrior!
A wight comes into view. It is wielding a +4 falchion.
The orc warrior throws a boomerang.
The boomerang hits you!
* * * LOW HITPOINT WARNING * * *
The weapon returns to the orc warrior!
The orc warrior throws a boomerang.
The boomerang hits you.
* * * LOW HITPOINT WARNING * * *
The weapon returns to the orc warrior!
There is a stone staircase leading up here.
The orc warrior throws a boomerang.
The boomerang hits you!
You die...

....# ## ## .. #...# .. ..#
#.# #...# #.# #.# #.# #..#
#.####.# #.#
#..####..>...###.### #
..#####............. .... .#
....%.............###.###.#
###. #).)# #@.# ##...o....#
....###...###..#
#..###...#$##
#.........#..##.#Z###.......
###...<....z.#.###.##.###.#.
#.......#...## ##Y..# #.
###.....zz..o###o.#.###.o.
#.(.....###Y#.#.#..(...#
##%....z....o.#.##...#..
.........#######.##.#...#


You could see an orc warrior and 4 wights.

Vanquished Creatures
  A black bear (D:4)
  An ogre (D:6)
  A centaur (D:6)
  An elf zombie (Ossuary)
  2 scorpions
  A centaur zombie (Ossuary)
  2 human zombies (Ossuary)
  A quasit (D:4)
  4 jellies (D:2)
  2 hounds (D:5)
  An orc priest (D:4)
  A centaur skeleton (D:5)
  4 orc wizards
  A worker ant (D:5)
  2 big kobold zombies (Ossuary)
  2 hound zombies (Ossuary)
  A hound skeleton (D:4)
  3 mummies (Ossuary)
  4 gnolls (D:4)
  5 adders
  7 oozes
  2 adder skeletons
  3 adder zombies (Ossuary)
  A worm (D:2)
  2 dart slugs
  4 leopard geckos
  5 orcs
  8 bats
  4 giant cockroaches
  4 goblins
  6 hobgoblins
  16 jackals
  12 kobolds
  4 quokkas
  9 frilled lizards
  A gnoll zombie (Ossuary)
  3 goblin zombies
  4 hobgoblin zombies (Ossuary)
  6 jackal zombies (Ossuary)
  3 kobold zombies (Ossuary)
  A leopard gecko skeleton (D:4)
  2 orc zombies (Ossuary)
  4 quokka zombies
  6 rats
  5 rat zombies (Ossuary)
162 creatures vanquished.

Vanquished Creatures (others)
  A fungus (D:2)
  12 toadstools
13 creatures vanquished.

Grand Total: 175 creatures vanquished

Notes
Turn   | Place    | Note
-------+----------+-------------------------------------------
     0 | D:1      | DerDa the Mummy Wizard began the quest for the Orb.
     0 | D:1      | Reached XP level 1. HP: 13/13 MP: 5/5
    55 | D:1      | Reached skill level 1 in Conjurations
   287 | D:1      | Reached XP level 2. HP: 19/19 MP: 4/7
  1241 | D:2      | Reached XP level 3. HP: 23/24 MP: 2/9
  1246 | D:2      | Learned a level 3 spell: Mephitic Cloud
  1250 | D:2      | Learned a level 3 spell: Conjure Flame
  1253 | D:2      | Learned a level 2 spell: Blink
  1306 | D:2      | Found a shadowy altar of Dithmenos.
  1722 | D:2      | Found a basalt altar of Yredelemnul.
  1892 | D:2      | Reached skill level 5 in Spellcasting
  1892 | D:2      | Reached XP level 4. HP: 30/30 MP: 3/11
  1895 | D:2      | Reached skill level 1 in Air Magic
  1895 | D:2      | Reached skill level 1 in Poison Magic
  2107 | D:2      | Reached XP level 5. HP: 23/35 MP: 1/12
  3398 | D:3      | Found a white marble altar of Elyvilon.
  3500 | D:3      | Reached XP level 6. HP: 41/41 MP: 6/14
  4065 | D:3      | Reached skill level 6 in Spellcasting
  4746 | D:4      | Got a warped hand axe
  4746 | D:4      | Identified the +3 hand axe of Raaho {antimagic, rC+} (You
                  | found it on level 4 of the Dungeon)
  4895 | D:4      | Reached XP level 7. HP: 45/46 MP: 1/16
  5091 | D:4      | Got a fine scale mail
  5527 | D:5      | Entered Level 5 of the Dungeon
  5632 | D:5      | Found a sand-covered staircase.
  5639 | Ossuary  | Entered an ossuary
  6887 | Ossuary  | Reached skill level 7 in Spellcasting
  7325 | D:5      | Found a blossoming altar of Fedhas.
  7343 | D:5      | Found a sacrificial altar of Ru.
  7406 | D:5      | Found a hazy altar of Hepliaklqana.
  7575 | D:5      | Reached XP level 8. HP: 47/52 MP: 10/18
  7620 | D:5      | Found a sparkling altar of Nemelex Xobeh.
  7756 | D:5      | Found a shimmering altar of Xom.
  7758 | D:5      | Found a shimmering altar of Xom.
  7758 | D:5      | Found a shimmering altar of Xom.
  7758 | D:5      | Found a shimmering altar of Xom.
  7758 | D:5      | Found a shimmering altar of Xom.
  7762 | D:5      | Found a shimmering altar of Xom.
  7762 | D:5      | Found a shimmering altar of Xom.
  7990 | D:5      | Found a glowing golden altar of the Shining One.
  8696 | D:6      | Found a staircase to the Ecumenical Temple.
  8730 | D:6      | Hit by a boomerang thrown by an orc warrior

Levels and vault maps discovered:
D:1:      scummos_arrival_hexagon, layout_basic
D:2:      cheibrodos_fertilizer, layout_loops_corners,
          overflow_temple_1_default, yredelemnul_altar_generic
D:3:      layout_basic, elyvilon_altar_1
D:4:      layout_loops_ring, first_ration
D:5:      layout_basic, marbit_many_paths, kennysheep_little_box,
          nicolae_xom_altar_mimics, tso_oasis_becter, kennysheep_mini_moat,
          enter_ossuary_4, basic_altar, minmay_gold_behind_fungi
D:6:      layout_loops_ring, vehumet_crystals, minmay_temple_entry_sparse_star,
          serial_glass, glass_columns_a, glass_columns_b, glass_columns_b,
          glass_columns_a, minmay_ruined_shrine

Skill      XL: |  1  2  3  4  5  6  7 |
---------------+----------------------+-----
Conjurations   | 1 2 3 4 |  4.3
Spellcasting   | 5 6 7 |  7.5
Air Magic      | 1 2 3 |  3.8
Poison Magic   | 1 2 3 |  3.7
Dodging        | |  1.5
Stealth        | |  1.5
Summonings     | |  0.7
Translocations | |  0.7

Action                   |  1- 3 |  4- 6 |  7- 9 || total
-------------------------+-------+-------+-------++-------
Melee: Short sword       |     4 |    45 |    62 ||   111
       Spear             |       |       |     3 ||     3
 Cast: Magic Dart        |   110 |   168 |   259 ||   537
       Conjure Flame     |     1 |     3 |     4 ||     8
       Mephitic Cloud    |       |     6 |     4 ||    10
Evoke: Wand              |       |     1 |       ||     1
  Use: Scroll            |       |       |     9 ||     9
 Stab: Confused          |       |     2 |     1 ||     3
       Sleeping          |       |       |     1 ||     1
Armor: Robe              |     2 |    12 |    18 ||    32
Dodge: Dodged            |    21 |    49 |    73 ||   143

Table legend:
 A = Non-vault XP
 B = Vault XP
 C = Vault XP percentage of total XP
 D = Non-vault monster count
 E = Vault monster count
 F = Vault count percentage of total count
                 A         B        C        D         E       F
            +---------+---------+-------+---------+---------+-------
      Total |    1139 |     706 |  38.3 |     102 |      60 |  37.0
            +---------+---------+-------+---------+---------+-------
        D:1 |      40 |       0 |   0.0 |      21 |       0 |   0.0
        D:2 |     105 |     187 |  64.0 |      21 |      15 |  41.7
        D:3 |     118 |       0 |   0.0 |      19 |       0 |   0.0
        D:4 |     433 |       0 |   0.0 |      24 |       0 |   0.0
        D:5 |     155 |      91 |  37.0 |       8 |       5 |  38.5
        D:6 |     288 |       0 |   0.0 |       9 |       0 |   0.0
    Ossuary |       0 |     428 | 100.0 |       0 |      40 | 100.0
            +---------+---------+-------+---------+---------+-------
